 Dungeon Crawl Stone Soup version 0.32-a0-314-g526f7d4993 (webtiles) character file.

Game seed: 6551150853709226030

2836 ragingrage the Basher (level 9, 0/50 (68) HPs)
             Began as a Mountain Dwarf Reaver on Feb 15, 2024.
             Was a Follower of Beogh.
             Slain by a gnoll
             ... wielding a +2 halberd of draining
              (2 damage)
             ... in a bailey.
             The game lasted 00:14:26 (9042 turns).

ragingrage the Basher (Mountain Dwarf Reaver)       Turns: 9042, Time: 00:14:27

HP:   0/50 (68)     AC:  7    Str: 15    XL:     9   Next: 45%
MP:   6/13          EV: 10    Int: 18    God:    Beogh [*.....]
Gold: 374           SH:  0    Dex:  8    Spells: 9/14 levels left

rFire   . . .        b - +2 flail (protect)
rCold   . . .        (no shield)
rNeg    . . .        z - +1 ring mail {rPois}
rPois   +            (no helmet)
rElec   .            (no cloak)
rCorr   .            (no gloves)
SInv    .            k - +0 pair of boots
Will    .....        (no amulet) Stlth
                     (no ring)
HPRegen 0.28/turn    (no ring)
MPRegen 0.13/turn

%: no passive effects
@: confused, ambrosia-drunk, very heavily drained
A: runic magic, artefact enchanting
a: Renounce Religion


You were in a bailey.
You worshipped Beogh.
Beogh was aware of your devotion.
You visited 1 branch of the dungeon, and saw 7 of its levels.
You also visited: Bailey.

You collected 374 gold pieces.

Inventory:

Hand Weapons
 b - a +2 flail of protection (weapon)
 C - a +0 war axe
Missiles
 i - 2 boomerangs
 v - 3 atropa-tipped darts
 y - 6 poisoned darts
Armour
 k - a +0 pair of boots (worn)
 m - a +2 robe of resistance
 z - a +1 ring mail of poison resistance (worn)
Wands
 u - a wand of polymorph (8)
 w - a wand of flame (11)
Scrolls
 e - 6 scrolls of teleportation
 f - a scroll of poison
 g - 2 scrolls of brand weapon
 h - a scroll of vulnerability {unknown}
 l - a scroll of summoning {unknown}
 n - 4 scrolls of revelation
 p - 2 scrolls of fear
 r - a scroll of amnesia {unknown}
 s - a scroll of silence {unknown}
 x - a scroll of immolation {unknown}
 A - a scroll of fog {unknown}
Potions
 a - a potion of haste {unknown}
 c - a potion of attraction {unknown}
 d - a potion of curing {unknown}
 j - a potion of ambrosia
 o - 2 potions of heal wounds {unknown}
 q - a potion of berserk rage
 t - 3 potions of magic {unknown}
 B - a potion of resistance {unknown}


   Skills:
 + Level 2.6 Fighting
 - Level 5.8(8.4) Axes
 + Level 9.3(10.1) Maces & Flails
 - Level 1.3 Dodging
 - Level 3.0 Spellcasting
 - Level 2.6 Conjurations
 - Level 2.0 Necromancy
 + Level 8.1 Fire Magic
 - Level 4.0 Alchemy
 - Level 3.0 Invocations


You had 9 spell levels left.
You knew the following spells:

 Your Spells              Type           Power      Damage    Failure   Level
a - Kiss of Death         Conj/Necr      44%        2d8       8%          1
b - Sticky Flame          Fire/Alch      24%        2d6       16%         4

Your spell library contained the following spells:

 Spells                   Type           Power      Damage    Failure   Level
 Sting                    Conj/Alch      56%        1d6       4%          1
 Necrotise                Necr           36%        1d5       9%          1
 Ignite Poison            Fire/Alch      24%        N/A       16%         4
 Momentum Strike          Conj/Tloc      14%        3d8       17%         2
 Apportation              Tloc           4%         N/A       19%         1
 Summon Small Mammal      Summ           8%         N/A       19%         1
 Hailstorm                Conj/Ice       7%         3d5       32%         3
 Frozen Ramparts          Ice            4%         1d1       50%         3
 Gell's Gravitas          Tloc           2%         N/A       50%         3
 Teleport Other           Tloc           2%         N/A       50%         3
 Leda's Liquefaction      Alch/Erth      4%         N/A       63%         4
 Petrify                  Alch/Erth      9%         N/A       63%         4
 Metabolic Englaciation   Hex/Ice        1%         N/A       99%         5
 Dispersal                Tloc           1%         N/A       100%        6
 Ignition                 Fire           16%        3d6       100%        8


Dungeon Overview and Level Annotations

Branches:
Dungeon (7/15)             Bailey (1/1)
 Temple: D:4-7

Altars:
Cheibriados
Dithmenos
Qazlal
Zin
Beogh

Shops:
D:7 [

Annotations:
D:2 exclusion: downstairs
D:3 3 runed translucent doors, Pr0duct316's ghost, weakling HuBe
D:4 1 runed translucent door, exclusion: downstairs, scarr's ghost, amateur MDFi
D:5 exclusion: downstairs
D:6 1 runed translucent door, Crazy Yiuf
D:7 Jeremiah


Innate Abilities, Weirdness & Mutations

Your spellcasting is much less encumbered by armour.
You can use scrolls of enchantment on lesser artefacts.


Message History

You kill the gnoll!
You close the door, pushing everything out of the way.
You see here a +0 halberd of draining.
A gnoll opens the door.
You close the door.
A gnoll opens the door.
You close the door.
A gnoll breaks down the door.
It's broken and can't be closed.
The gnoll attacks as it pursues you!
The gnoll hits you from afar with a +2 halberd of draining!
You feel drained.
There is a fountain of blood, spattered with blood here.
There is an open door here.
Which direction?
You close the door.
A gnoll opens the door.
Which direction?
You close the door.
A gnoll opens the door.
Which direction?
As you close the door, it creaks loudly!
A gnoll opens the door.
Okay, then.
The gnoll hits you with a +2 halberd of draining!
* * * LOW HITPOINT WARNING * * *
You feel drained.
* * * LOW HITPOINT WARNING * * *
The orc warrior hits you from afar with a +2 halberd of electrocution!
* * * LOW HITPOINT WARNING * * *
There is an open door here.
Casting: Sticky Flame (quite dangerous; 16% risk of failure)
Aiming: Sticky Flame (quite dangerous; 16% risk of failure)
Press: ? - help, Shift-Dir - straight line, f - gnoll
Aim: a gnoll, wielding a +2 halberd of draining The sticky flame hits the gnoll.
The gnoll burns!
The gnoll misses you. The orc warrior closely misses you.
It was a potion of ambrosia.
You are confused.
You feel invigorated.
The gnoll burns!
The gnoll hits you with a +2 halberd of draining.
* * * LOW HITPOINT WARNING * * *
You feel drained.
You die...

#.....#####.....###
'..∩..'.#.'..⌠..'.#
#.....#####.....###
#.....## ##.....##
'##'##'###'##+##'##
###.###)#.## ##)# #
### ##### ### #)#
#g#.###)###.# +##'
+###'##'##@## #!.!
##....g## #.!.!
#....o### +!.⌠.
+..⌠..')# !.go
#.....### g!#
##)....##
#'###'##'##'##
#.')###.###)# #####
### ###


You could see an orc warrior and a gnoll (burning).

Vanquished Creatures
  A two-headed ogre (D:6)
  Pikel (D:4)
  Sigmund (D:3)
  A wraith (D:6)
  2 sky beasts
  An orc warrior (D:5)
  An ice beast (D:6)
  3 lemures (D:4)
  Blork the orc (D:5)
  A bullfrog (D:7)
  A vampire bat (D:3)
  3 hounds (D:6)
  4 orc priests
  A gnoll bouda (D:7)
  A sleepcap (D:6)
  2 iguanas
  Ijyb (D:3)
  4 orc wizards
  A hound zombie (D:3)
  20 gnolls
  7 adders
  A shadow imp (D:5)
  A white imp (D:5)
  2 ufetubi (D:5)
  2 adder skeletons (D:3)
  An adder zombie (D:3)
  A ribbon worm (D:3)
  A dart slug (D:1)
  3 fire bats (D:3)
  20 orcs
  2 spectral bats (D:3)
  3 bat skeletons (D:3)
  A bat zombie (D:3)
  9 endoplasms
  3 giant cockroaches
  12 goblins
  7 hobgoblins
  4 jackals
  5 quokkas
  7 ball pythons
  11 bats
  A bat simulacrum (D:3)
  A frilled lizard (D:2)
  3 kobolds
  10 rats
169 creatures vanquished.

Vanquished Creatures (others)
  An orc (D:7)
1 creature vanquished.

Grand Total: 170 creatures vanquished

Notes
Turn   | Place    | Note
-------+----------+-------------------------------------------
     0 | D:1      | ragingrage the Mountain Dwarf Reaver began the quest for
                  | the Orb.
     0 | D:1      | Reached XP level 1. HP: 17/17 MP: 3/3
   110 | D:1      | Reached XP level 2. HP: 24/24 MP: 4/4
   274 | D:1      | Reached skill level 1 in Necromancy
   405 | D:1      | Found a faded altar of an unknown god.
   615 | D:1      | Reached skill level 1 in Fire Magic
   615 | D:1      | Reached XP level 3. HP: 25/29 MP: 5/5
  1162 | D:2      | Reached skill level 5 in Axes
  1333 | D:2      | Reached XP level 4. HP: 36/36 MP: 6/6
  1385 | D:2      | Learned a level 4 spell: Sticky Flame
  2208 | D:3      | Found a stormy altar of Qazlal.
  2208 | D:3      | Noticed a sky beast
  2389 | D:3      | Noticed Sigmund
  2540 | D:4      | Reached XP level 5. HP: 35/39 MP: 7/7
  2641 | D:4      | Found a runed translucent door.
  2648 | D:4      | Noticed scarr's ghost (amateur MDFi)
  3150 | D:5      | Entered Level 5 of the Dungeon
  3154 | D:5      | Noticed Blork the orc
  3335 | D:5      | Killed Blork the orc
  3336 | D:5      | Reached skill level 1 in Maces & Flails
  3336 | D:5      | Reached skill level 1 in Alchemy
  3437 | D:5      | Reached XP level 6. HP: 23/48 MP: 8/8
  3823 | D:5      | Noticed an orc warrior
  4082 | D:5      | Noticed Pikel
  4189 | D:3      | Reached skill level 2 in Maces & Flails
  4244 | D:3      | Noticed Ijyb
  4251 | D:3      | Killed Sigmund
  4260 | D:3      | Killed Ijyb
  4261 | D:3      | Reached skill level 3 in Maces & Flails
  4358 | D:3      | Found a runed translucent gate.
  4363 | D:3      | Found a runed translucent gate.
  4368 | D:3      | Found a runed translucent gate.
  4369 | D:3      | Identified the +5 mace of Itiy {speed, rPois Str+4 Stlth+}
  4369 | D:3      | Noticed Pr0duct316's ghost (weakling HuBe)
  4535 | D:3      | Reached XP level 7. HP: 55/55 MP: 9/9
  4664 | D:3      | Reached skill level 5 in Fire Magic
  4907 | D:3      | Reached skill level 4 in Maces & Flails
  5000 | D:3      | Found a roughly hewn altar of Beogh.
  5280 | D:4      | Killed Pikel
  5281 | D:4      | Reached skill level 5 in Maces & Flails
  5281 | D:4      | Reached XP level 8. HP: 21/61 MP: 10/10
  5601 | D:5      | Became a worshipper of Beogh the Shepherd
  5684 | D:5      | Reached skill level 1 in Invocations
  6174 | D:5      | Found a snail-covered altar of Cheibriados.
  6734 | D:6      | Reached skill level 6 in Maces & Flails
  6858 | D:6      | Found a shadowy altar of Dithmenos.
  7267 | D:6      | Noticed a two-headed ogre
  7362 | D:6      | Found a runed translucent door.
  7363 | D:6      | Noticed Crazy Yiuf
  7443 | D:6      | Killed a two-headed ogre
  7444 | D:6      | Reached skill level 7 in Maces & Flails
  7444 | D:6      | Reached XP level 9. HP: 67/67 MP: 11/13
  7669 | D:6      | Reached skill level 8 in Maces & Flails
  8134 | D:7      | Noticed an angel
  8135 | D:7      | Found a glowing silver altar of Zin.
  8169 | D:7      | Noticed Jeremiah
  8264 | D:7      | Found Jaohuuch's Armour Emporium.
  8309 | D:6      | Reached skill level 9 in Maces & Flails
  8432 | D:7      | Found a flagged portal.
  8440 | D:7      | Reached * piety under Beogh
  8517 | Bailey   | Entered a bailey
  9042 | Bailey   | HP: 2/52 [gnoll/+2 halberd of draining (6)]
  9042 | Bailey   | Slain by a gnoll

Illustrated notes

Levels and vault maps discovered:
D:1:      co_arrival_square_in_a_square_in_a_square, layout_basic,
          hellmonk_ecumenical_altar_crossroads, minmay_split_cup_large
D:2:      layout_rooms, dk_noncrumbling_2
D:3:      layout_basic, nicolae_qazlal_beasts_of_the_sky, serial_undead,
          serial_undead_d, serial_undead_c, serial_undead_a, serial_undead_f,
          biasface_ghost_orc_armoury, goddamned_bats, uniq_sigmund, uniq_ijyb
D:4:      layout_gridville, ebering_ghost_sewer_d
D:5:      lemuel_ice_spiral_2, layout_rooms, lemuel_doored_altar,
          kennysheep_boxes, uniq_pikel, uniq_blork_the_orc
D:6:      layout_loops_corners, lemuel_round_altar, minmay_misc_feat_x,
          uniq_crazy_yiuf_cottage
D:7:      layout_cave_pools, zin_angel, nicolae_overflow_hallway_of_the_gods,
          minmay_temple_entry_junction, serial_shops, nicolae_stop_n_shop_1,
          enter_bailey_5, uniq_jeremiah
Bailey:   bailey_polearm_nasty_gnolls, bailey

Skill      XL: |  1  2  3  4  5  6  7  8  9 |
---------------+----------------------------+-----
Axes           | 4 5 |  5.8
Necromancy     | 1 2 |  2.0
Fire Magic     | 1 2 3 4 6 8 |  8.1
Maces & Flails | 1 3 5 7 9 |  9.3
Alchemy        | 1 2 3 4 |  4.0
Invocations    | 3 |  3.0
Spellcasting   | 3 |  3.0
Fighting       | |  2.6
Dodging        | |  1.3
Conjurations   | |  2.6

Action                     |  1- 3 |  4- 6 |  7- 9 || total
---------------------------+-------+-------+-------++-------
  Melee: Hand axe          |   130 |   152 |       ||   282
         Flail             |       |   101 |   434 ||   535
  Throw: Dart              |       |     3 |     1 ||     4
   Cast: Kiss of Death     |       |     3 |       ||     3
         Sticky Flame      |       |       |    11 ||    11
 Invoke: Convert to Beogh  |       |       |     1 ||     1
    Use: Scroll            |       |     3 |     3 ||     6
         Potion            |       |       |     5 ||     5
 Armour: Leather armour    |    72 |     4 |       ||    76
         Chain mail        |     3 |   151 |       ||   154
         Robe              |       |    63 |    12 ||    75
         Ring mail         |       |     6 |   413 ||   419
         Skin              |       |       |    66 ||    66
  Dodge: Dodged            |    92 |   131 |   321 ||   544

Table legend: (Time is in decaauts)
 A = Elapsed time spent in this place.
 B = Non-inter-level travel time spent in this place.
 C = Inter-level travel time spent in this place.
 D = Time resting spent in this place.
 E = Time spent auto-exploring this place.
 F = Levels seen in this place.
 G = Mean time per level.
                   A        B        C        D        E       F      G
               +--------+--------+--------+--------+--------+-----+--------+
         Total |   9156 |   8469 |    687 |   1988 |   4213 |   8 | 1144.5 |
       Dungeon |   8635 |   7948 |    687 |   1730 |   4067 |   7 | 1233.6 |
        Bailey |    521 |    521 |      0 |    258 |    146 |   1 |  521.0 |
               +--------+--------+--------+--------+--------+-----+--------+

Top non-repeatable levels by time:
     D:6: 1893 daAuts
     D:4: 1651 daAuts
     D:5: 1554 daAuts
     D:3: 1371 daAuts
     D:1: 1121 daAuts
     D:2: 813 daAuts
  Bailey: 521 daAuts
     D:7: 229 daAuts
